 Dungeon Crawl Stone Soup version 0.28-a0-1594-ga885d4b3d6 (webtiles) character file.

Game seed: 12376914672697759385

4622 esteth the Geomancer (level 10, 0/59 HPs)
             Began as a Gargoyle Earth Elementalist on Jan 20, 2022.
             Was a Priest of Vehumet.
             Slain by an orc warrior (17 damage)
             ... on level 9 of the Dungeon.
             The game lasted 00:21:07 (9019 turns).

esteth the Geomancer (Gargoyle Earth Elementalist)  Turns: 9019, Time: 00:21:07

Health: 0/59       AC:  9    Str: 11    XL:     10   Next: 42%
Magic:  6/16       EV: 14    Int: 27    God:    Vehumet [***...]
Gold:   333        SH:  0    Dex: 16    Spells: 6/17 levels left

rFire   . . .      SeeInvis .   q - +2 dagger (drain)
rCold   . . .      Faith    .   (no shield)
rNeg    + . .      Spirit   .   b - +0 robe
rPois   ∞          Reflect  .   (no helmet)
rElec   +          Harm     .   (no cloak)
rCorr   .          Rampage  .   (no gloves)
Will    .....                   (no boots)
Stlth   ++........              k - amulet of regeneration
HPRegen 0.99/turn               L - +6 ring of intelligence
MPRegen 0.15/turn               m - +6 ring of dexterity

@: no status effects
A: sickness immunity, AC +7, negative energy resistance 1, electricity
resistance, torment resistance 1, petrification resistance
a: Renounce Religion


You were on level 9 of the Dungeon.
You worshipped Vehumet.
Vehumet was most pleased with you.
You visited 2 branches of the dungeon, and saw 10 of its levels.
You also visited: Ossuary.

You collected 333 gold pieces.

Inventory:

Hand Weapons
 f - a +0 quarterstaff
 q - a +2 dagger of draining (weapon)
Missiles
 c - 107 stones
Armour
 b - a +0 robe (worn)
Magical Staves
 v - a staff of death
Jewellery
 k - an amulet of regeneration (around neck)
 m - a +6 ring of dexterity (right hand)
 p - an amulet of faith
 s - a ring of willpower
 L - a +6 ring of intelligence (left hand)
Wands
 l - a wand of acid (5)
 K - a wand of polymorph (12)
 M - a wand of mindburst (16)
Scrolls
 e - 2 scrolls of immolation {unknown}
 g - 5 scrolls of magic mapping
 h - 2 scrolls of vulnerability {unknown}
 n - a scroll of brand weapon {unknown}
 u - 3 scrolls of teleportation {unknown}
 w - 7 scrolls of amnesia {unknown}
 x - a scroll of holy word {unknown}
 y - 3 scrolls of blinking {unknown}
 B - 4 scrolls of fog {unknown}
 C - a scroll of noise {unknown}
 D - a scroll of enchant armour {unknown}
 F - a scroll of enchant weapon {unknown}
 H - a scroll of silence {unknown}
 I - 3 scrolls of identify
Potions
 a - a potion of brilliance {unknown}
 d - 2 potions of attraction {unknown}
 i - 3 potions of heal wounds
 j - 3 potions of lignification
 o - a potion of degeneration {unknown}
 r - 2 potions of mutation
 t - 2 potions of resistance {unknown}
 z - 3 potions of flight {unknown}
 A - a potion of ambrosia {unknown}
 E - 2 potions of invisibility
 G - 3 potions of might
 J - 2 potions of curing {unknown}


   Skills:
 - Level 5.0 Fighting
 - Level 5.0 Armour
 + Level 4.6 Dodging
 - Level 2.1 Stealth
 - Level 4.3 Spellcasting
 - Level 8.9 Conjurations
 - Level 2.0 Transmutations
 - Level 10.0 Earth Magic


You had 6 spell levels left.
You knew the following spells:

 Your Spells              Type           Power      Damage    Failure   Level
a - Sandblast             Erth           100%       2d20      1%          1
b - Passwall              Tmut/Erth      31%        N/A       1%          2
c - Stone Arrow           Conj/Erth      100%       3d13      1%          3
d - Foxfire               Conj/Fire      100%       2x1d9     1%          1
e - Petrify               Tmut/Erth      38%        N/A       6%          4

Your spell library contained the following spells:

 Spells                   Type           Power      Damage    Failure   Level
 Scorch                   Fire           10%        2d5       3%          2
 Ensorcelled Hibernation  Hex/Ice        10%        N/A       12%         2
 Gell's Gravitas          Tloc           5%         N/A       22%         3
 Lesser Beckoning         Tloc           5%         N/A       22%         3
 Swiftness                Air            5%         N/A       22%         3
 Teleport Other           Tloc           5%         N/A       22%         3


Dungeon Overview and Level Annotations

Branches:
Dungeon (9/15)             Temple (1/1) D:5         Ossuary (visited)
   Lair: D:8-11         Orc: D:9-12

Altars:
Ashenzari
Cheibriados
Dithmenos
Elyvilon
Fedhas
Gozag
Hepliaklqana
Kikubaaqudgha
Makhleb
Nemelex Xobeh
Okawaru
Qazlal
Ru
Sif Muna
Trog
Uskayaw
Vehumet
Wu Jian
Xom
Yredelemnul
Zin
The Shining One

Annotations:
D:2 Sigmund
D:3 3 runed translucent doors, Hasart's ghost, amateur DgFi
D:4 1 runed translucent door, Crazy Yiuf
D:8 exclusion: 4 killer bees


Innate Abilities, Weirdness & Mutations

You are immune to sickness and miasma.
Your stone body is resilient. (AC +7)
You are immune to poison.
You resist negative energy. (rN+)
You are resistant to electric shocks. (rElec)
You are resistant to unholy torment.
You are immune to petrification.


Message History

Press: ? - help, Shift-Dir - straight line, f/p - orc warrior
Aim: an orc warrior, wielding a +0 flail and wearing a +0 plate armour (heavily wounded, 84% to hit)
The blast of sand hits the orc warrior but does no damage.
The orc warrior is heavily wounded.
The orc warrior hits you with a +0 flail.
The orc priest calls down the wrath of Beogh upon you.
Beogh smites you!
Casting: Sandblast (safe; 1% risk of failure)
Confirm with . or Enter, or press ? or * to list all spells.
Aiming: Sandblast (safe; 1% risk of failure)
Press: ? - help, Shift-Dir - straight line, f/p - orc warrior
Aim: an orc warrior, wielding a +0 flail and wearing a +0 plate armour (heavily wounded, 84% to hit)
The blast of sand hits the orc warrior but does no damage.
The orc warrior is heavily wounded.
The orc priest calls down the wrath of Beogh upon you.
Beogh smites you!
The orc warrior hits you but does no damage.
The orc priest mumbles some strange prayers to Beogh against you.
Pain shoots through your body!
You climb downwards.
Found 21 stones.
There is a stone staircase leading up here.
Casting: Sandblast (safe; 1% risk of failure)
Confirm with . or Enter, or press ? or * to list all spells.
Aiming: Sandblast (safe; 1% risk of failure)
Press: ? - help, Shift-Dir - straight line, f - orc warrior
Aim: an orc warrior, wielding a +0 flail and wearing a +0 plate armour (heavily wounded, 84% to hit)
The blast of sand hits the orc warrior!
The orc warrior is almost dead.
The orc warrior hits you with a +0 flail.
* * * LOW HITPOINT WARNING * * *
Casting: Sandblast (safe; 1% risk of failure)
Confirm with . or Enter, or press ? or * to list all spells.
Aiming: Sandblast (safe; 1% risk of failure)
Press: ? - help, Shift-Dir - straight line, f/p - orc warrior
Aim: an orc warrior, wielding a +0 flail and wearing a +0 plate armour (almost dead, 84% to hit)
The blast of sand hits the orc warrior but does no damage.
The orc warrior is almost dead.
The orc warrior hits you with a +0 flail!
You die...

##.......
#.......(
#........
#........
#........
#........
#........
#@.......
#o.......
#########


You could see an orc warrior.

Vanquished Creatures
  The ghost of Megustar the Arsonist, a novice DEFE of Vehumet (D:8)
  6 yaks (D:6)
  2 water moccasins (D:7)
  2 orc warriors
  An ice beast (D:6)
  A black bear (D:6)
  A sky beast (D:7)
  A hornet zombie (Ossuary)
  3 ogres (D:5)
  A centaur (D:6)
  3 kobold brigands
  A gnoll sergeant (D:6)
  3 wyvern zombies
  A water moccasin skeleton (D:7)
  3 wights (D:7)
  3 howler monkeys (D:7)
  2 jellies (D:6)
  8 bullfrog zombies (Ossuary)
  A hound (D:5)
  4 centaur zombies (Ossuary)
  3 orc priests
  2 bullfrog skeletons
  An iguana (D:5)
  8 orc wizards
  3 killer bee zombies
  A hound skeleton (D:5)
  14 mummies (Ossuary)
  2 howler monkey zombies (Ossuary)
  5 gnolls (D:6)
  3 adders
  A shadow imp (D:6)
  3 ufetubi
  An adder skeleton (D:4)
  A worm (D:4)
  2 dart slugs
  27 orcs
  4 endoplasms
  A giant cockroach (D:1)
  4 goblins
  7 hobgoblins
  4 jackals (D:1)
  20 kobolds
  4 ball pythons
  2 frilled lizards (D:3)
  A quokka zombie (D:6)
  6 rats
  A rat zombie (D:6)
179 creatures vanquished.

Vanquished Creatures (others)
  21 foxfires
  9 toadstools (D:2)
  4 withered plants (Ossuary)
34 creatures vanquished.

Grand Total: 213 creatures vanquished

Notes
Turn   | Place    | Note
-------+----------+-------------------------------------------
     0 | D:1      | esteth the Gargoyle Earth Elementalist began the quest for
                  | the Orb.
     0 | D:1      | Reached XP level 1. HP: 10/10 MP: 3/3
   464 | D:1      | Reached XP level 2. HP: 13/15 MP: 5/5
   466 | D:1      | Reached skill level 4 in Earth Magic
   679 | D:1      | Found a faded altar of an unknown god.
  1143 | D:2      | Reached XP level 3. HP: 19/19 MP: 5/7
  1197 | D:2      | Learned a level 2 spell: Passwall
  1201 | D:2      | Learned a level 3 spell: Stone Arrow
  1330 | D:2      | Noticed Sigmund
  1468 | D:3      | Found a runed translucent gate.
  1470 | D:3      | Found a runed translucent gate.
  1470 | D:3      | Found an opulent altar of Gozag.
  1470 | D:3      | Found a runed translucent gate.
  1473 | D:3      | Noticed Hasart's ghost (amateur DgFi)
  1473 | D:3      | Noticed an ogre
  1515 | D:3      | Reached XP level 4. HP: 24/24 MP: 2/8
  1589 | D:3      | Reached skill level 5 in Earth Magic
  1755 | D:3      | Noticed a kobold brigand
  1773 | D:3      | Killed a kobold brigand
  1774 | D:3      | Reached XP level 5. HP: 9/28 MP: 1/10
  2020 | D:3      | Noticed a kobold brigand
  2183 | D:3      | Killed a kobold brigand
  2184 | D:3      | Reached skill level 6 in Earth Magic
  2456 | D:3      | Reached XP level 6. HP: 32/32 MP: 12/12
  3344 | D:4      | Found a runed translucent door.
  3345 | D:4      | Noticed Crazy Yiuf
  3497 | D:5      | Entered Level 5 of the Dungeon
  3497 | D:5      | Found a staircase to the Ecumenical Temple.
  3507 | Temple   | Entered the Ecumenical Temple
  3759 | Temple   | Became a worshipper of Vehumet
  3899 | D:5      | Reached skill level 1 in Fighting
  4232 | D:5      | Reached XP level 7. HP: 40/40 MP: 11/13
  4260 | D:5      | Reached skill level 7 in Earth Magic
  4897 | D:5      | Found a bloodstained altar of Trog.
  4924 | D:5      | Reached skill level 8 in Earth Magic
  5344 | D:6      | Reached XP level 8. HP: 47/48 MP: 12/14
  5371 | D:6      | Reached * piety under Vehumet
  5371 | D:6      | Offered knowledge of Foxfire by Vehumet.
  5380 | D:6      | Reached skill level 9 in Earth Magic
  5481 | D:6      | Learned a level 1 spell: Foxfire
  5692 | D:6      | Found a sand-covered staircase.
  5700 | Ossuary  | Entered an ossuary
  5716 | Ossuary  | Reached skill level 10 in Earth Magic
  5724 | Ossuary  | Reached skill level 1 in Armour
  5724 | Ossuary  | Reached skill level 1 in Conjurations
  6196 | Ossuary  | Reached XP level 9. HP: 46/52 MP: 7/15
  6197 | Ossuary  | Offered knowledge of Searing Ray by Vehumet.
  6209 | Ossuary  | Reached ** piety under Vehumet
  6718 | D:6      | Reached skill level 5 in Armour
  6718 | D:6      | Reached skill level 5 in Conjurations
  7663 | D:7      | Learned a level 4 spell: Petrify
  7668 | D:7      | Offered knowledge of Scorch by Vehumet.
  7669 | D:7      | Reached skill level 1 in Transmutations
  7669 | D:7      | Reached XP level 10. HP: 49/57 MP: 13/16
  8099 | D:7      | Reached *** piety under Vehumet
  8389 | D:7      | Reached skill level 5 in Fighting
  8774 | D:8      | Found a runed translucent door.
  8778 | D:8      | Noticed Megustar's ghost (novice DEFE)
  8816 | D:8      | Killed Megustar's ghost
  9019 | D:9      | Slain by an orc warrior

Illustrated notes

Levels and vault maps discovered:
D:1:      dpeg_arrival_lava_temple_mockup, layout_basic,
          ebering_ecumenical_altar_hall
D:2:      cheibrodos_fertilizer, layout_basic, basic_altar, uniq_sigmund
D:3:      cheibrodos_thug_alley, layout_rooms, ebering_ghost_gozag,
          dk_noncrumbling_4
D:4:      layout_gridville, corexii_shack, uniq_crazy_yiuf_cottage
D:5:      layout_gridville, mainiacjoe_overflow_alcove_2,
          minmay_temple_entry_overgrown
D:6:      layout_loops_cross, enter_ossuary_4
D:7:      layout_basic
D:8:      layout_basic, ebering_ghost_reflecting_pool
D:9:      layout_irregular_city, grunt_ministairs_14, minmay_orc_keep
Temple:   nicolae_temple_the_god_donut

Skill      XL: |  1  2  3  4  5  6  7  8  9 10 |
---------------+-------------------------------+-----
Earth Magic    | 4 5 6 8 10 | 10.0
Spellcasting   | 3 4 |  4.3
Fighting       | 2 4 5 |  5.0
Armour         | 4 5 |  5.0
Conjurations   | 4 8 |  8.9
Transmutations | 1 2 |  2.0
Dodging        | 4 |  4.6
Stealth        | |  2.1

Action                   |  1- 3 |  4- 6 |  7- 9 | 10-12 || total
-------------------------+-------+-------+-------+-------++-------
Melee: Unarmed           |     8 |       |       |       ||     8
       Dagger            |     7 |    77 |    20 |     6 ||   110
       Quarterstaff      |    33 |    23 |       |       ||    56
       Punch             |       |     2 |       |       ||     2
 Cast: Sandblast         |    13 |    43 |   160 |    37 ||   253
       Passwall          |       |     1 |     1 |       ||     2
       Stone Arrow       |       |       |    15 |     7 ||    22
       Foxfire           |       |       |       |    18 ||    18
  Use: Scroll            |       |       |     6 |       ||     6
 Stab: Sleeping          |     3 |     1 |       |       ||     4
       Distracted        |       |       |     1 |       ||     1
Armor: Robe              |    14 |    38 |    40 |     8 ||   100
Dodge: Dodged            |    40 |    62 |    60 |     9 ||   171

Table legend: (Time is in decaauts)
 A = Elapsed time spent in this place.
 B = Non-inter-level travel time spent in this place.
 C = Inter-level travel time spent in this place.
 D = Time resting spent in this place.
 E = Time spent auto-exploring this place.
 F = Levels seen in this place.
 G = Mean time per level.
                   A        B        C        D        E       F      G
               +--------+--------+--------+--------+--------+-----+--------+
         Total |   9055 |   8882 |    173 |   3012 |   4525 |  11 |  823.2 |
       Dungeon |   7782 |   7638 |    144 |   2573 |   3932 |   9 |  864.7 |
        Temple |    264 |    235 |     29 |      0 |    219 |   1 |  264.0 |
       Ossuary |   1008 |   1008 |      0 |    439 |    374 |   1 | 1008.0 |
               +--------+--------+--------+--------+--------+-----+--------+

Top non-repeatable levels by time:
     D:5: 1525 daAuts
     D:3: 1522 daAuts
     D:6: 1352 daAuts
     D:7: 1125 daAuts
     D:1: 1071 daAuts
 Ossuary: 1008 daAuts
     D:4: 636 daAuts
     D:2: 281 daAuts
     D:8: 266 daAuts
  Temple: 264 daAuts
     D:9: 1 daAuts
